 Dungeon Crawl Stone Soup version 0.23.2-1-ga50397a (webtiles) character file.

Game seed: 1651657290738923578

32 diana the Twirler (level 3, 10/28 HPs)
             Began as a Demonspawn Gladiator on May 18, 2019.
             Quit the game on level 1 of the Dungeon.
             The game lasted 00:01:01 (842 turns).

diana the Twirler (Demonspawn Gladiator)             Turns: 842, Time: 00:01:02

Health: 10/28      AC:  9    Str: 15    XL:     3   Next: 10%
Magic:  1/3        EV:  7    Int:  9    God:
Gold:   84         SH:  0    Dex: 14    Spells: 2/2 levels left

rFire    . . .     SeeInvis .   a - +0 quarterstaff
rCold    . . .     Gourm    .   (shield currently unavailable)
rNeg     . . .     Faith    .   m - +0 chain mail
rPois    .         Spirit   +   (helmet restricted)
rElec    .         Reflect  .   o - +0 cloak
rCorr    .         Harm     .   (no gloves)
MR       .....                  (no boots)
Stlth    ..........             (no amulet)
HPRegen  0.09/turn              (no ring)
MPRegen  0.08/turn              (no ring)

@: no status effects
A: antennae 1, magic shield
a: no special abilities


You were on level 1 of the Dungeon.
You were not hungry.

You visited 1 branch of the dungeon, and saw 2 of its levels.

You collected 84 gold pieces.

Inventory:

Hand Weapons
 a - a +0 quarterstaff (weapon)
Missiles
 d - 3 throwing nets (quivered)
Armour
 b - a +0 leather armour
 c - a +0 helmet
 m - a +0 chain mail (worn)
 o - a +0 cloak (worn)
Jewellery
 k - a +6 ring of dexterity {unknown}
Scrolls
 g - a scroll of amnesia {unknown}
 l - a scroll of immolation {unknown}
Potions
 e - a potion of mutation {unknown}
 h - a potion of heal wounds {unknown}
 i - 2 potions of agility {unknown}
 j - a potion of resistance {unknown}
 n - a potion of flight {unknown}
Comestibles
 f - 2 rations


   Skills:
 + Level 2.3 Fighting
 * Level 3.2 Staves
 - Level 1.7 Throwing
 + Level 0.9 Armour
 + Level 3.0 Dodging


You had 2 spell levels left.
You didn't know any spells.
Your spell library was empty.

Dungeon Overview and Level Annotations

Branches:
Dungeon (2/15)

Altars:


Innate Abilities, Weirdness & Mutations

You have a pair of small antennae on your head.
When hurt, damage is shared between your health and your magic reserves.


Message History

The adder is severely wounded.
The adder bites you but does no damage. The goblin hits you but does no damage.
You miss the adder.
The adder is severely wounded.
The adder bites you but does no damage. The goblin hits you with a +0 club.
The adder bites you but does no damage.
You hit the adder.
You kill the adder!
Your Dodging skill increases to level 3!
You have reached level 3!
Your experience leads to an increase in your attributes!
Increase (S)trength, (I)ntelligence, or (D)exterity?
You feel stronger.
You feel monstrous as your demonic heritage exerts itself.
Your demonic ancestry asserts itself...
A pair of antennae grows on your head!
Your +0 helmet falls away!
The goblin hits you but does no damage.
Are you sure you want to abandon this character and quit the game? (Confirm with "yes".)
Okay, then.
Are you sure you want to abandon this character and quit the game? (Confirm with "yes".)

# #......(........# #
################### #
#########................. #
#.......#.########.####.## #
#.......#.# #.# #.## #
#.......#.# #.# #.## #
#.......#.# #.# #.##
########.......#.########.# #)##
................@g......#.# #.##
########.......########.#.####.##
######### #...#...... ##..#.##.##
#..#.#.... ###########.#.#..#.
####........##...#..#.
#....######.##...#..#. #....#
#.##...#....


You could see a goblin.

Vanquished Creatures
  2 adders
  A dart slug (D:2)
  A leopard gecko (D:1)
  A giant cockroach (D:1)
  A hobgoblin (D:1)
  A bat (D:1)
  2 frilled lizards (D:1)
  A goblin (D:1)
  2 kobolds (D:1)
  2 rats (D:1)
14 creatures vanquished.

Notes
Turn   | Place    | Note
-------+----------+-------------------------------------------
     0 | D:1      | diana the Demonspawn Gladiator began the quest for the Orb.
     0 | D:1      | Reached XP level 1. HP: 16/16 MP: 1/1
   467 | D:1      | Gained mutation: When hurt, damage is shared between your
                  | health and your magic reserves. [demonic ancestry]
   467 | D:1      | Reached XP level 2. HP: 22/22 MP: 2/2
   841 | D:1      | Gained mutation: You have a pair of small antennae on your
                  | head. [demonic ancestry]
   841 | D:1      | Reached XP level 3. HP: 10/28 MP: 1/3
   842 | D:1      | Quit the game

Skill      XL: |  1  2 |
---------------+-------+-----
Staves         | 3 |  3.2
Dodging        | 3 |  3.0
Fighting       | |  2.3
Throwing       | |  1.7
Armour         | |  0.9

Action                   || total
-------------------------++-------
Melee: Quarterstaff      ||    44
Armor: Chain mail        ||    33
       Leather armour    ||     3
Dodge: Dodged            ||    22
